 Dungeon Crawl Stone Soup version 0.23.1 (webtiles) character file.

Game seed: 3251106010014682882

80 Kairos the Sneak (level 4, -1/21 HPs)
             Began as a Vine Stalker Enchanter on Mar 10, 2019.
             Slain by an orc
             ... wielding a +2 flail of protection
              (4 damage)
             ... on level 3 of the Dungeon.
             The game lasted 00:03:36 (2905 turns).

Kairos the Sneak (Vine Stalker Enchanter)           Turns: 2905, Time: 00:03:36

Health: -1/21      AC:  5    Str: 10    XL:     4   Next: 39%
Magic:  0/8        EV: 16    Int: 17    God:
Gold:   182        SH:  0    Dex: 16    Spells: 6/7 levels left

rFire    . . .     SeeInvis .   a - +1 dagger
rCold    . . .     Gourm    .   (no shield)
rNeg     . . .     Faith    .   b - +0 robe
rPois    .         Spirit   +   e - +0 helmet
rElec    .         Reflect  .   i - scarf {cloud immunity}
rCorr    .         Harm     .   (no gloves)
MR       .....                  (no boots)
Stlth    ++........             (no amulet)
HPRegen  0.47/turn              n - ring of attention (curse)
MPRegen  0.11/turn              (no ring)

@: no status effects
A: fangs 2, repulsion field 2, icy blue scales 1, clever 1, regeneration 1,
magic shield, antimagic bite, no potion heal 3, rot immunity
a: no special abilities


You were on level 3 of the Dungeon.
You were not hungry.

You visited 1 branch of the dungeon, and saw 3 of its levels.

You collected 182 gold pieces.

Inventory:

Hand Weapons
 a - a +1 dagger (weapon)
 g - a +2 hand axe of flaming
Missiles
 c - 3 needles of sleeping
Armour
 b - a +0 robe (worn)
 e - a +0 helmet (worn)
 i - a scarf of cloud immunity (worn)
Jewellery
 n - a cursed ring of attention (left hand)
Scrolls
 j - a scroll of blinking
 m - 3 scrolls of identify
Potions
 f - a potion of ambrosia {unknown}
 h - a potion of curing {unknown}
 k - a potion of brilliance {unknown}
 l - 2 potions of degeneration {unknown}
 o - a potion of lignification {unknown}
Comestibles
 d - 5 rations


   Skills:
 + Level 0.4 Fighting
 + Level 2.0 Short Blades
 + Level 2.3 Dodging
 + Level 4.3 Stealth
 + Level 2.2 Spellcasting
 + Level 3.4 Hexes


You had 6 spell levels left.
You knew the following spells:

 Your Spells              Type           Power        Failure   Level  Hunger
a - Corona                Hex            ##.....      4%          1    #......

Your spell library contained the following spells:

 Spells                   Type           Power        Failure   Level  Hunger
 Ensorcelled Hibernation  Hex/Ice        #.....       14%         2    ###....
 Confuse                  Hex            ##......     14%         3    ###....
 Tukima's Dance           Hex            ##......     14%         3    ###....
 Dazzling Spray           Conj/Hex       #.....       28%         3    ###....


Dungeon Overview and Level Annotations

Branches:
Dungeon (3/15)

Altars:
Wu Jian


Innate Abilities, Weirdness & Mutations

You have extremely sharp teeth.
Your natural rate of healing is unusually fast.
When hurt, damage is shared between your health and your magic reserves.
Your bite disrupts and absorbs the magic of your enemies.
Potions cannot restore your health.
You are immune to rotting.
You are surrounded by a moderate repulsion field. (EV +3)
You are partially covered in icy blue scales. (AC +2)
Your mind is acute. (Int +2)


Message History

The orc throws a tomahawk.
The tomahawk hits you.
The orc hits you with a +2 flail of protection!
Things that are here:
a tomahawk; a jackal corpse You closely miss the orc.
You bite the orc, but do no damage.
The orc is heavily wounded.
A jackal comes into view.
The jackal barks!
You hit the orc but do no damage. You bite the orc, but do no damage.
The orc is heavily wounded.
The orc hits you with a +2 flail of protection.
* * * LOW HITPOINT WARNING * * *
You closely miss the orc. You bite the orc, but do no damage.
The orc is heavily wounded.
The orc hits you with a +2 flail of protection.
* * * LOW HITPOINT WARNING * * *
You closely miss the orc.
The orc is heavily wounded.
The orc hits you with a +2 flail of protection.
You die...

#.#..# #.. #.##.##..
####.##.... #........#
#.##.#..###
#...[.....###.##!
#..#.....h.......
########..#...##o###.###
......##......##@#
##............##(#
##.##.##......##.#
##)...##.........#
......##.##.######
......##.##.#
......##.##+# .........#
.....####.


You could see an orc and a jackal.

Vanquished Creatures
  2 adders (D:2)
  A worm (D:2)
  A dart slug (D:1)
  3 leopard geckos
  An orc (D:3)
  3 ball pythons
  2 giant cockroaches
  7 goblins
  10 hobgoblins
  5 jackals
  8 kobolds
  2 bats
  A frilled lizard (D:2)
  3 rats
  A bush (D:2)
50 creatures vanquished.

Notes
Turn   | Place    | Note
-------+----------+-------------------------------------------
     0 | D:1      | Kairos the Vine Stalker Enchanter began the quest for the
                  | Orb.
     0 | D:1      | Reached XP level 1. HP: 9/9 MP: 4/4
    38 | D:1      | Reached skill level 1 in Short Blades
   539 | D:1      | Reached XP level 2. HP: 13/13 MP: 6/6
   649 | D:1      | Gained mutation: You are partially covered in icy blue
                  | scales. (AC +2) [potion of mutation]
   649 | D:1      | Gained mutation: You are surrounded by a mild repulsion
                  | field. (EV +2) [potion of mutation]
   649 | D:1      | Gained mutation: Your mind is acute. (Int +2) [potion of
                  | mutation]
   649 | D:1      | Gained mutation: You are surrounded by a moderate repulsion
                  | field. (EV +3) [potion of mutation]
  1115 | D:1      | Reached XP level 3. HP: 16/16 MP: 7/7
  1625 | D:2      | Reached skill level 4 in Stealth
  1996 | D:2      | Gained mutation: Your natural rate of healing is unusually
                  | fast. [Vine Stalker growth]
  1996 | D:2      | Reached XP level 4. HP: 21/21 MP: 8/8
  2799 | D:3      | Found an ornate altar of the Wu Jian Council.
  2905 | D:3      | Slain by an orc

Skill      XL: |  1  2  3  4 |
---------------+-------------+-----
Short Blades   | 1 2 |  2.0
Dodging        | 2 |  2.3
Stealth        | 4 |  4.3
Fighting       | |  0.4
Spellcasting   | |  2.2
Hexes          | |  3.4

Action                   |  1- 3 |  4- 6 || total
-------------------------+-------+-------++-------
Melee: Dagger            |   114 |   337 ||   451
       Bite              |    21 |   161 ||   182
  Use: Scroll            |     2 |       ||     2
       Potion            |     1 |       ||     1
 Stab: Sleeping          |     9 |       ||     9
  Eat: Chunk             |     3 |     1 ||     4
       Ration            |       |     1 ||     1
Armor: Robe              |    28 |     8 ||    36
Dodge: Dodged            |    70 |    63 ||   133
